 Dungeon Crawl Stone Soup version 0.29.1-1-gd02db6906a (webtiles) character file.

Game seed: 8655943361195137551

199 safid the Shooter (level 5, 0/45 HPs)
             Began as a Minotaur Hunter on Sept 30, 2022.
             Slain by an orc warrior
             ... wielding a +2 short sword of electrocution
              (9 damage)
             ... on level 4 of the Dungeon.
             The game lasted 00:03:57 (3300 turns).

safid the Shooter (Minotaur Hunter)                 Turns: 3300, Time: 00:03:58

Health: 0/45       AC:  3    Str: 16    XL:     5   Next: 48%
Magic:  4/4        EV: 12    Int:  6    God:
Gold:   204        SH:  0    Dex: 15    Spells: 4/4 levels left

rFire   . . .      SeeInvis .   a - +0 shortbow
rCold   . . .      Faith    .   (shield currently unavailable)
rNeg    . . .      Spirit   .   c - +0 leather armour
rPois   .          Reflect  .   (helmet restricted)
rElec   .          Harm     .   (no cloak)
rCorr   .          Rampage  .   (no gloves)
Will    .....                   (no boots)
Stlth   +.........              (no amulet)
HPRegen 0.15/turn               (no ring)
MPRegen 0.09/turn               (no ring)

@: no status effects
A: horns 2, retaliatory headbutt
a: no special abilities


You were on level 4 of the Dungeon.
You visited 1 branch of the dungeon, and saw 4 of its levels.

You collected 204 gold pieces.

Inventory:

Hand Weapons
 a - a +0 shortbow (weapon)
Armour
 c - a +0 leather armour (worn)
Jewellery
 m - a +6 ring of strength
Wands
 l - a wand of polymorph (3)
Scrolls
 b - a scroll of immolation
 d - a scroll of silence {unknown}
 e - 3 scrolls of identify {unknown}
 f - 2 scrolls of amnesia {unknown}
 g - a scroll of butterflies {unknown}
 h - 4 scrolls of teleportation
 n - a scroll of blinking {unknown}
 o - a scroll of brand weapon {unknown}
Potions
 i - a potion of magic {unknown}
 j - a potion of cancellation {unknown}
 k - a potion of might {unknown}
 p - 2 potions of mutation {unknown}
 q - a potion of haste {unknown}


   Skills:
 - Level 3.0 Fighting
 + Level 7.3 Ranged Weapons
 - Level 2.1 Dodging
 - Level 0.7 Stealth


You had 4 spell levels left.
You didn't know any spells.
Your spell library contained the following spells:

 Spells                   Type           Power      Damage    Failure   Level
 Sandblast                Erth           0%         2d4       52%         1
 Ensorcelled Hibernation  Hex/Ice        0%         N/A       67%         2
 Passwall                 Tmut/Erth      0%         N/A       67%         2
 Stone Arrow              Conj/Erth      0%         3d7       88%         3
 Summon Guardian Golem    Hex/Summ       0%         N/A       88%         3
 Swiftness                Air            0%         N/A       88%         3
 Orb of Destruction       Conj           0%         9d5       100%        7
 Spellforged Servitor     Conj/Summ      0%         N/A       100%        7


Dungeon Overview and Level Annotations

Branches:
Dungeon (4/15)
 Temple: D:4-7

Altars:
Cheibriados
Makhleb
Nemelex Xobeh
Trog

Shops:
D:1 (


Innate Abilities, Weirdness & Mutations

You have a pair of horns on your head.
You reflexively headbutt those who attack you in melee.


Message History

A jackal comes into view.
The jackal closely misses you. You furiously retaliate!
You headbutt the jackal, but do no damage.
You shoot an arrow. The arrow barely misses the jackal.
The jackal bites you but does no damage.
The jackal barely misses you. You furiously retaliate!
You headbutt the jackal. You shoot an arrow. The arrow hits the jackal.
You kill the jackal!
No target in view!
No target in view!
No target in view!
No target in view!
No target in view!
No target in view!
No target in view!
No target in view!
No target in view!
No target in view!
Things that are here:
a jackal corpse; a jackal corpse An orc warrior is nearby!
Fire: a) +0 shortbow
Press: ? - help, Q - select action, (/) - cycle Shift-Dir - straight line, f - orc warrior
Aim: an orc warrior, wielding a +2 short sword of electrocution and wearing a +0 plate armour (wandering, hasn't noticed you, 63% to hit)
You shoot an arrow. The orc warrior shouts!
The arrow hits the orc warrior but does no damage.
Okay, then.
Okay, then.
There is a stone staircase leading up here.
You climb upwards.
There is a stone staircase leading down here.
You see here a +0 dagger.
There is a stone staircase leading down here.
You climb downwards.
The orc warrior hits you with a +2 short sword of electrocution!
You are electrocuted!!
* * * LOW HITPOINT WARNING * * *
The orc warrior hits you with a +2 short sword of electrocution!
You die...

#..# #.#.##..###.
#..# #...##....#.
#.## #.####.##.#.
#.# #..)........ #.#
#.####...... #.#
#####..†#####.#.
#.###...............
#..o..###...#######.
#..@.......## #.
#########.## #. #.#
#. #.# #.# #o# #.##
#..# ##.#


You could see an orc warrior.

Vanquished Creatures
  A necrophage (D:4)
  Ijyb (D:3)
  2 adders (D:4)
  An ufetubus (D:4)
  2 worms (D:2)
  7 dart slugs
  6 orcs
  6 bats
  5 endoplasms
  4 giant cockroaches
  4 goblins
  3 hobgoblins (D:2)
  2 jackals (D:4)
  8 kobolds
  4 ball pythons
  5 frilled lizards
  2 rats
63 creatures vanquished.

Vanquished Creatures (others)
  A plant (D:1)
1 creature vanquished.

Grand Total: 64 creatures vanquished

Notes
Turn   | Place    | Note
-------+----------+-------------------------------------------
     0 | D:1      | safid the Minotaur Hunter began the quest for the Orb.
     0 | D:1      | Reached XP level 1. HP: 18/18 MP: 0/0
    59 | D:1      | Found Gieto's Weapon Emporium.
   159 | D:1      | Reached XP level 2. HP: 25/25 MP: 1/1
   848 | D:2      | Reached skill level 5 in Ranged Weapons
   957 | D:2      | Reached XP level 3. HP: 31/31 MP: 2/2
  1446 | D:2      | Found a faded altar of an unknown god.
  1446 | D:2      | Noticed a sixfirhy
  1674 | D:3      | Found a burning altar of Makhleb.
  1785 | D:3      | Found a bloodstained altar of Trog.
  1788 | D:3      | Found a snail-covered altar of Cheibriados.
  1801 | D:3      | Noticed Ijyb
  1816 | D:3      | Killed Ijyb
  1817 | D:3      | Reached skill level 6 in Ranged Weapons
  1817 | D:3      | Reached XP level 4. HP: 13/38 MP: 3/3
  2532 | D:3      | Found a sparkling altar of Nemelex Xobeh.
  2795 | D:4      | Noticed a necrophage
  2808 | D:4      | Killed a necrophage
  2809 | D:4      | Reached skill level 7 in Ranged Weapons
  2809 | D:4      | Reached XP level 5. HP: 23/45 MP: 4/4
  2859 | D:4      | Noticed an orc warrior
  3300 | D:4      | Slain by an orc warrior

Illustrated notes

Levels and vault maps discovered:
D:1:      giann_forest_graveyard, layout_loops_ring, serial_shops,
          nicolae_shop_bloodbath_and_beyond, serial_bayou_pond_b
D:2:      layout_loops_ring, dreamdust_ecumenical_altar_sealed_demon,
          nicolae_hexahallways, glass_columns_a, minmay_strange_pillars,
          serial_park_tiny_2
D:3:      layout_loops_ring, nicolae_overflow_crystal_walls,
          nicolae_overflow_hidden_temple, uniq_ijyb
D:4:      layout_loops_ring, led_sif_pool

Skill      XL: |  1  2  3  4 |
---------------+-------------+-----
Fighting       | 3 |  3.0
Ranged Weapons | 5 6 7 |  7.3
Dodging        | |  2.1
Stealth        | |  0.7

Action                   |  1- 3 |  4- 6 || total
-------------------------+-------+-------++-------
 Fire: Shortbow          |   127 |    79 ||   206
  Use: Scroll            |       |     1 ||     1
Armor: Leather armour    |    11 |    10 ||    21
       Skin              |     1 |       ||     1
Dodge: Dodged            |    23 |    23 ||    46
